cohdb
Replays
Latest Replays
All Replays
Popular Replays
Top Player Replays
Match Explorer
How It Works
Community
CoH3 Stats
Reddit
Sign in to upload your games and track your stats! →
Sign in with Steam
Match 30798218
Unlisted
Match 30798218
Overview
Messages
Build Orders
End
Panzergrenadier Squad
Panzergrenadier Squad
Panzergrenadier Squad
Construct Light Support Kompanie
250 Light Carrier
Combat Half-tracks
Construct Mechanized Kompanie
Selects Italian Infantry
Selects Guastatori Squad
Selects L6/40 Light Tank Combat Group
Panzerjäger Mechanized Group
Support Armor Elements
Marder III Tank Destroyer
Marder III Tank Destroyer
Selects Towed Cannone da 105/28 Field Howitzer
Marder III Tank Destroyer
Paz
Mikie
Roo
ElConQueefTordor
dennis_bajic
Tar1qq
ROMC
Vlambulance-YouTube
0
0
Comments
sign in to comment!
No comments posted yet!